 Dungeon Crawl Stone Soup version 0.28.0-43-g3370ac3207 (webtiles) character file.

Game seed: 6891123262224794127

87 bromine the Chopper (level 4, -1/41 HPs)
             Began as a Hill Orc Berserker on Mar 1, 2022.
             Was a Follower of Trog.
             Slain by an adder (2 damage)
             ... on level 2 of the Dungeon.
             The game lasted 00:04:53 (2837 turns).

bromine the Chopper (Hill Orc Berserker)            Turns: 2837, Time: 00:04:55

Health: -1/41      AC:  2    Str: 21    XL:     4   Next: 51%
Magic:  4/4        EV: 12    Int:  7    God:    Trog [*.....]
Gold:   72         SH:  0    Dex: 10    Spells: 3/3 levels left

rFire   . . .      SeeInvis .   a - +0 hand axe
rCold   . . .      Faith    .   (no shield)
rNeg    . . .      Spirit   .   b - +0 animal skin
rPois   .          Reflect  .   (no helmet)
rElec   .          Harm     .   (no cloak)
rCorr   .          Rampage  .   (no gloves)
Will    .....                   (no boots)
Stlth   +.........              (no amulet)
HPRegen 0.13/turn               (no ring)
MPRegen 0.09/turn               (no ring)

@: lethally poisoned (-1 -> -5), on berserk cooldown, slowed, very slow
A: no striking features
a: Renounce Religion, Berserk


You were on level 2 of the Dungeon.
You worshipped Trog.
Trog was aware of your devotion.
You visited 1 branch of the dungeon, and saw 2 of its levels.

You collected 72 gold pieces.

Inventory:

Hand Weapons
 a - a +0 hand axe (weapon)
Armour
 b - a +0 animal skin (worn)
Scrolls
 d - a scroll of teleportation {unknown}
Potions
 c - a potion of lignification {unknown}


   Skills:
 + Level 4.5 Fighting
 + Level 5.4 Axes
 + Level 2.2 Armour
 + Level 2.2 Dodging
 + Level 0.3 Stealth


You had 3 spell levels left.
You didn't know any spells.
Your spell library was empty.

Dungeon Overview and Level Annotations

Branches:
Dungeon (2/15)

Altars:

Shops:
D:1 *


Message History

You feel as though you will be slow longer.
The adder bites you. x2
You barely miss the adder. The adder bites you. x2
You hit the adder.
The adder is moderately wounded.
The adder barely misses you. The adder bites you but does no damage.
You closely miss the adder.
The adder is moderately wounded.
The adder bites you. The adder barely misses you.
You hit the adder but do no damage.
The adder is moderately wounded.
The adder misses you. The adder closely misses you.
You closely miss the adder.
The adder is moderately wounded.
The adder misses you. The adder bites you.
You are poisoned.
The adder poisons you!
You closely miss the adder.
The adder is moderately wounded.
You feel very sick. The adder barely misses you. The adder bites you.
* * * LOW HITPOINT WARNING * * *
You are more poisoned.
The adder poisons you!
You hit the adder but do no damage.
The adder is moderately wounded.
* * * LOW HITPOINT WARNING * * *
You feel very sick. The adder barely misses you. The adder bites you.
* * * LOW HITPOINT WARNING * * *
You hit the adder.
The adder is moderately wounded.
* * * LOW HITPOINT WARNING * * *
You feel sick. The adder misses you. The adder bites you.
* * * LOW HITPOINT WARNING * * *
You hit the adder.
The adder is heavily wounded.
* * * LOW HITPOINT WARNING * * *
You feel sick. The adder bites you.
You die...

#..# #. ##.###.. #.
##...##.. .# .. ...)...#
.. #. ... #.# ###.#.#
#.# #.# .......###.###.#
.............†.#########
......S@................
###.##.........#########
#######...# ##.## #.#
#.# #.# #.#


You could see an adder.

Vanquished Creatures
  Natasha (twice) (D:2)
  2 worms (D:2)
  3 dart slugs
  2 ball pythons (D:1)
  A bat (D:1)
  4 endoplasms
  A giant cockroach (D:1)
  3 hobgoblins
  2 quokkas (D:1)
  2 frilled lizards (D:1)
  2 kobolds (D:1)
  3 rats (D:1)
27 creatures vanquished.

Notes
Turn   | Place    | Note
-------+----------+-------------------------------------------
     0 | D:1      | bromine the Hill Orc Berserker began the quest for the Orb.
     0 | D:1      | Reached XP level 1. HP: 19/19 MP: 1/1
   173 | D:1      | Found Pauranur's General Store.
   259 | D:1      | Reached XP level 2. HP: 20/27 MP: 2/2
  2154 | D:1      | Reached XP level 3. HP: 30/33 MP: 3/3
  2293 | D:2      | Noticed Natasha
  2304 | D:2      | Killed Natasha
  2305 | D:2      | Reached skill level 5 in Axes
  2711 | D:2      | Reached XP level 4. HP: 16/41 MP: 4/4
  2816 | D:2      | Noticed Natasha
  2823 | D:2      | Killed Natasha
  2836 | D:2      | HP: 2/41 [adder (1)]
  2837 | D:2      | Slain by an adder

Illustrated notes

Levels and vault maps discovered:
D:1:      nzn_arrival_crosshair, layout_loops_cross, serial_shops,
          nicolae_square_shop, minmay_shallow_snake_nest
D:2:      layout_loops_ring, hellmonk_ecumenical_altar_watching_god,
          minmay_pentomino_v2, uniq_natasha

Skill      XL: |  1  2  3 |
---------------+----------+-----
Fighting       | 4 |  4.5
Axes           | 5 |  5.4
Dodging        | 2 |  2.2
Armour         | |  2.2
Stealth        | |  0.3

Action                   |  1- 3 |  4- 6 || total
-------------------------+-------+-------++-------
Melee: Hand axe          |    87 |    12 ||    99
       Punch             |     1 |       ||     1
Invok: Berserk           |     1 |     1 ||     2
Armor: Animal skin       |    21 |     2 ||    23
Dodge: Dodged            |    67 |     9 ||    76
